 Dungeon Crawl Stone Soup version 0.32-a0-747-gc8563f6773 (webtiles) character file.

Game seed: 449677227443219589

5551 cforsyth the Arsonist (level 10, -5/90 HPs)
             Began as a Mountain Dwarf Cinder Acolyte on Mar 17, 2024.
             Was a High Priest of Ignis.
             Slain by a centaur
             ... wielding a +0 halberd
              (8 damage)
             ... in a bailey.
             The game lasted 00:15:05 (12990 turns).

cforsyth the Arsonist (MDCA)                       Turns: 12990, Time: 00:15:07

Health: -5/90      AC: 16    Str: 22    XL:     10   Next: 44%
Magic:  10/19      EV:  6    Int: 20    God:    Ignis [*****.]
Gold:   434        SH:  0    Dex:  5    Spells: 19/21 levels left

rFire   + . .        a - -1 hand axe (flame)
rCold   . . .        (no shield)
rNeg    . . .        F - +0 plate armour
rPois   .            s - +1 helmet
rElec   .            (no cloak)
rCorr   .            (no gloves)
SInv    .            (no boots)
Will    +....        (no amulet) Stlth
                     I - +6 ring of intelligence
HPRegen 0.35/turn    L - ring of flight
MPRegen 0.16/turn

%: no passive effects
@: flying
A: runic magic, artefact enchanting
a: Renounce Religion, Fiery Armour, Foxfire Swarm, Rising Flame


You were in a bailey.
You worshipped Ignis.
Ignis was extremely pleased with you.
You visited 1 branch of the dungeon, and saw 10 of its levels.
You also visited: Bailey.

You collected 434 gold pieces.


Innate Abilities, Weirdness & Mutations

Your spellcasting is much less encumbered by armour.
You can use scrolls of enchantment on lesser artefacts.


   Skills:
 + Level 8.9 Fighting
 - Level 6.8 Axes
 + Level 8.1 Armour
 + Level 6.2 Spellcasting
 + Level 9.7 Fire Magic


You had 19 spell levels left.
You knew the following spells:

 Your Spells              Type           Power      Damage    Failure   Level
X - Scorch                Fire           90%        2d8       1%          2

Your spell library contained the following spells:

 Spells                   Type           Power      Damage    Failure   Level
 Necrotise                Necr           24%        1d5       21%         1
 Vampiric Draining        Necr           6%         2d6       52%         3
 Martyr's Knell           Necr/Summ      6%         N/A       90%         4
 Curse of Agony           Necr           6%         N/A       99%         5

Inventory:

Hand Weapons
 a - a -1 hand axe of flaming (weapon)
Missiles
 y - a throwing net {=f}
Armour
 s - a +1 helmet (worn)
 C - the +2 pair of boots "Jepim" {Will- rCorr Dex+2}
   (You found it on level 8 of the Dungeon)

   Dex+2:     It affects your dexterity (+2).
   Will-:     It decreases your willpower.
   rCorr:     It protects you from acid and corrosion.
 F - a +0 plate armour (worn)
Jewellery
 i - a +6 ring of intelligence
 D - a +6 ring of dexterity
 I - a +6 ring of intelligence (left hand)
 L - a ring of flight (right hand)
 R - a ring of resist corrosion
Wands
 d - a wand of mindburst (23)
 e - a wand of iceblast (9)
 q - a wand of flame (5)
 z - a wand of charming (5)
 E - a wand of light (3)
Scrolls
 b - a scroll of enchant weapon {unknown}
 g - 3 scrolls of torment
 j - 2 scrolls of blinking
 k - 2 scrolls of enchant armour
 m - 3 scrolls of teleportation {@r2}
 o - a scroll of amnesia
 t - a scroll of vulnerability {unknown}
 w - a scroll of revelation
 x - a scroll of fog
 A - a scroll of poison {unknown}
Potions
 c - 2 potions of attraction
 f - 3 potions of lignification
 h - 2 potions of enlightenment
 l - 2 potions of might
 n - a potion of mutation {unknown}
 p - a potion of haste {@q3}
 r - a potion of cancellation {unknown}
 u - a potion of brilliance
 B - 2 potions of ambrosia

Dungeon Overview and Level Annotations

Branches:
Dungeon (10/15)            Temple (0/1) D:7            Lair (0/5) D:8
    Orc (0/2) D:9          Bailey (1/1)

Altars:
Fedhas
Gozag
Nemelex Xobeh
Okawaru
Trog
Wu Jian
Xom
Yredelemnul

Shops:
D:5 (   D:9 [

Annotations:
D:7 2 transporters, gimp's ghost, novice CoHu
D:10 2 runed translucent doors, Josephine

≈.≈≈..⌠.⌠..≈.≈≈.≈.▒
≈.....∩∩∩..≈....≈.▒
≈.≈≈..⌠.⌠..≈.≈≈.≈.▒
≈≈.≈≈≈...≈≈≈.≈)≈≈.▒
.≈≈..≈≈≈≈≈.o≈≈.≈.▒
..≈≈≈.....≈≈≈o≈≈.▒
....≈≈≈≈≈≈≈.o≈≈).▒
..≈≈.......≈≈≈c⌠.▒
...≈≈≈≈≈≈≈≈≈.).@▒▒
...........▒▒▒▒▒
+▒▒▒▒▒▒▒▒▒▒


You could see a centaur (blind, unable to see you) and 3 orcs.


Message History

The centaur kicks you but does no damage.
Unknown command.
You hit the centaur but do no damage.
The centaur is almost dead.
The centaur closely misses you.
The centaur kicks you but does no damage.
Unknown command.
You barely miss the centaur.
The centaur is almost dead.
The centaur hits you with a +0 halberd.
* * * LOW HITPOINT WARNING * * *
The centaur completely misses you. The centaur hits you with a +0 halberd.
* * * LOW HITPOINT WARNING * * *
The centaur barely misses you.
You feel better. The centaur barely misses you.
The centaur kicks you but does no damage.
Unknown command.
Aiming: Bolt of Light
Press: ? - help, Shift-Dir - straight line, f - orc
Aim: an orc, wielding a +0 halberd and wearing a +0 ring mail (heavily wounded, 75% to hit)
The bolt of light hits the centaur.
The centaur is almost dead.
The centaur is blinded.
The bolt of light hits the orc!
You kill the orc!
The centaur hits you with a +0 halberd.
* * * LOW HITPOINT WARNING * * *
The centaur kicks you but does no damage.
The centaur hits you with a +0 halberd!
You die...
Ignis goes out, and joins you in death.

Skill      XL: |  1  2  3  4  5  6  7  8  9 10 |
---------------+-------------------------------+-----
Axes           | 4 5 6 |  6.8
Armour         | 1 2 3 4 5 7 8 |  8.1
Fire Magic     | 4 5 6 7 9 |  9.7
Fighting       | 4 5 6 8 |  8.9
Spellcasting   | 2 3 4 5 6 |  6.2

Action                     |  1- 3 |  4- 6 |  7- 9 | 10-12 || total
---------------------------+-------+-------+-------+-------++-------
  Melee: Hand axe          |    41 |    49 |   126 |    89 ||   305
   Cast: Scorch            |     8 |    33 |   167 |    52 ||   260
  Evoke: Wand              |       |       |     2 |     3 ||     5
    Use: Scroll            |       |       |     8 |     8 ||    16
         Potion            |       |       |     1 |     3 ||     4
 Armour: Robe              |    17 |       |       |       ||    17
         Chain mail        |    10 |     6 |       |       ||    16
         Plate armour      |       |    64 |   208 |   163 ||   435
  Dodge: Dodged            |    17 |    16 |    55 |    58 ||   146

Levels and vault maps discovered:
D:1:      eino_arrival_cavern_a, layout_loops_ring
D:2:      layout_rooms, uniq_natasha, uniq_sigmund
D:3:      layout_loops_ring, lemuel_coloured_pillars_altar,
          shapermc_ecumenical_altar_petra, uniq_grinder, uniq_jessica,
          uniq_terence
D:4:      layout_basic, chequers_temple_overflow_minitemple,
          minmay_misc_feat_iff
D:5:      layout_basic, serial_shops, nicolae_shop_bloodbath_and_beyond,
          uniq_eustachio
D:6:      layout_loops_ring, nicolae_overflow_hidden_temple,
          kennysheep_pointless_box, glass_columns_b, kennysheep_windowed_goal,
          uniq_duvessa
D:7:      layout_loops_corners, minmay_temple_entry_enclosed_plants,
          gammafunk_ghost_wrathful_warriors
D:8:      layout_gridville, mainiacjoe_overflow_chevrons, dpeg_lair_monsters
D:9:      layout_grid_maze, orc_0_dummy, nicolae_stop_n_shop_2
D:10:     layout_loops_corners, enter_bailey_5, minmay_statue_crystal_thing,
          uniq_fannar, uniq_josephine, uniq_nergalle
Bailey:   bailey_polearm_flooded_kennysheep, bailey

Notes
Turn   | Place    | Note
-------+----------+-------------------------------------------
     0 | D:1      | cforsyth the Mountain Dwarf Cinder Acolyte began the quest
                  | for the Orb.
     0 | D:1      | Reached XP level 1. HP: 19/19 MP: 2/2
    87 | D:1      | Reached XP level 2. HP: 21/26 MP: 3/3
    90 | D:1      | Learned a level 2 spell: Scorch
   742 | D:2      | Noticed Natasha
   749 | D:2      | Killed Natasha
   750 | D:2      | Reached skill level 4 in Axes
   750 | D:2      | Reached skill level 1 in Armour
   750 | D:2      | Reached skill level 4 in Fire Magic
   750 | D:2      | Reached XP level 3. HP: 18/33 MP: 1/5
   818 | D:2      | Noticed Natasha
   861 | D:2      | Killed Natasha
   862 | D:2      | Reached XP level 4. HP: 40/40 MP: 1/6
   922 | D:2      | Noticed Natasha
  1080 | D:2      | Killed Natasha
  1240 | D:2      | Noticed Sigmund
  1449 | D:2      | Killed Sigmund
  1450 | D:2      | Reached skill level 4 in Fighting
  1450 | D:2      | Reached skill level 2 in Armour
  1450 | D:2      | Reached skill level 2 in Spellcasting
  1450 | D:2      | Reached XP level 5. HP: 47/47 MP: 2/8
  1450 | D:2      | Reached XP level 6. HP: 53/53 MP: 2/9
  2065 | D:3      | Noticed Terence
  2071 | D:2      | Killed Terence
  2146 | D:3      | Reached skill level 5 in Axes
  2251 | D:3      | Noticed Grinder
  2265 | D:3      | Paralysed by Grinder for 2 turns
  2405 | D:3      | Killed Grinder
  2406 | D:3      | Reached skill level 3 in Armour
  2406 | D:3      | Reached skill level 5 in Fire Magic
  2521 | D:3      | Reached XP level 7. HP: 60/60 MP: 8/11
  2938 | D:3      | Noticed Jessica
  2941 | D:3      | Killed Jessica
  2986 | D:3      | Reached skill level 5 in Fighting
  3234 | D:3      | Found a faded altar of an unknown god.
  3397 | D:3      | Found a basalt altar of Yredelemnul.
  3547 | D:4      | Reached skill level 3 in Spellcasting
  3963 | D:4      | Reached skill level 4 in Armour
  4447 | D:4      | Found an opulent altar of Gozag.
  4447 | D:4      | Found an iron altar of Okawaru.
  4455 | D:4      | Found a blossoming altar of Fedhas.
  4457 | D:4      | Found a faded altar of an unknown god.
  4459 | D:4      | Found an ornate altar of the Wu Jian Council.
  4673 | D:5      | Entered Level 5 of the Dungeon
  4679 | D:5      | Reached skill level 6 in Axes
  4679 | D:5      | Reached skill level 6 in Fire Magic
  4803 | D:5      | Reached XP level 8. HP: 69/69 MP: 3/13
  4936 | D:5      | Noticed Eustachio
  4948 | D:5      | Killed Eustachio
  5133 | D:5      | Found Vuxud's Weapon Emporium.
  5141 | D:5      | Reached skill level 6 in Fighting
  5477 | D:5      | Reached skill level 5 in Armour
  5852 | D:5      | Reached skill level 4 in Spellcasting
  6001 | D:6      | Reached skill level 7 in Fire Magic
  6124 | D:6      | Found a shimmering altar of Xom.
  6362 | D:6      | Reached XP level 9. HP: 77/78 MP: 4/15
  6677 | D:6      | Noticed Dowan
  6882 | D:5      | HP: 5/78 [yak (9)]
  6884 | D:5      | Reached skill level 7 in Fighting
  6884 | D:5      | Reached skill level 6 in Armour
  7371 | D:6      | Noticed Duvessa
  7379 | D:6      | Killed Duvessa
  7380 | D:6      | Reached skill level 8 in Fire Magic
  7881 | D:6      | Reached skill level 5 in Spellcasting
  7960 | D:6      | Killed Dowan
  8135 | D:6      | Found a shimmering altar of Xom.
  9067 | D:7      | Reached skill level 7 in Armour
  9343 | D:7      | Reached skill level 8 in Fighting
  9586 | D:7      | Found a staircase to the Ecumenical Temple.
  9591 | D:7      | Noticed a moth of wrath
  9636 | D:7      | Noticed gimp's ghost (novice CoHu)
  9709 | D:7      | Found a transporter.
  9710 | D:7      | Found a transporter.
  9717 | D:7      | Found a bloodstained altar of Trog.
 10033 | D:8      | Noticed a komodo dragon
 10308 | D:8      | Killed a komodo dragon
 10309 | D:8      | Reached skill level 9 in Fire Magic
 10309 | D:8      | Reached XP level 10. HP: 27/88 MP: 16/18
 10505 | D:8      | Found a staircase to the Lair.
 10915 | D:8      | Reached skill level 6 in Spellcasting
 11770 | D:8      | Found a sparkling altar of Nemelex Xobeh.
 11810 | D:8      | Identified the +2 pair of boots "Jepim" {Will- rCorr Dex+2}
 11974 | D:9      | Found Xot Bashraneu's Antique Armour Boutique.
 12210 | D:9      | Reached skill level 8 in Armour
 12560 | D:9      | Found a staircase to the Orcish Mines.
 12807 | D:10     | Entered Level 10 of the Dungeon
 12814 | D:10     | Found a runed translucent door.
 12814 | D:10     | Found a runed translucent door.
 12814 | D:10     | Noticed an orange crystal statue
 12814 | D:10     | Noticed Josephine
 12915 | D:10     | Found a flagged portal.
 12960 | Bailey   | Entered a bailey
 12982 | Bailey   | HP: 7/90 [orc/+0 halberd (4)]
 12988 | Bailey   | HP: 9/90 [centaur/+0 halberd (3)]
 12988 | Bailey   | HP: 3/90 [centaur/+0 halberd (6)]
 12990 | Bailey   | Slain by a centaur

Vanquished Creatures
  A komodo dragon (D:8)
  A troll (D:9)
  Grinder (D:3)
  A blink frog (D:8)
  A hornet (D:9)
  Sigmund (D:2)
  8 yaks
  Eustachio (D:5)
  A steam dragon (D:8)
  Duvessa (D:6)
  A black bear (D:6)
  5 ice beasts
  An orc warrior (D:8)
  A sky beast (D:7)
  2 ogres
  3 centaurs
  A kobold brigand (D:8)
  2 bullfrogs (D:8)
  3 scorpions
  3 wights (D:6)
  Dowan (D:6)
  4 howler monkeys (D:7)
  A bombardier beetle (D:4)
  A jelly (D:5)
  An orc priest (D:8)
  2 hounds (D:7)
  8 iguanas
  Jessica (D:3)
  Terence (D:2)
  Natasha (thrice) (D:2)
  12 orc wizards
  6 adders
  A white imp (D:6)
  4 ufetubi
  3 ribbon worms
  3 dart slugs
  29 orcs
  6 ball pythons
  3 endoplasms
  3 giant cockroaches
  6 goblins
  3 hobgoblins
  7 jackals
  3 quokkas
  2 bats (D:2)
  7 frilled lizards
  9 kobolds
  3 rats
172 creatures vanquished.

Table legend: (Time is in decaauts)
 A = Elapsed time spent in this place.
 B = Non-inter-level travel time spent in this place.
 C = Inter-level travel time spent in this place.
 D = Time resting spent in this place.
 E = Time spent auto-exploring this place.
 F = Levels seen in this place.
 G = Mean time per level.
                   A        B        C        D        E       F      G
               +--------+--------+--------+--------+--------+-----+--------+
         Total |  13006 |  12721 |    285 |   1895 |   9237 |  11 | 1182.4 |
       Dungeon |  12978 |  12693 |    285 |   1895 |   9237 |  10 | 1297.8 |
        Bailey |     28 |     28 |      0 |      0 |      0 |   1 |   28.0 |
               +--------+--------+--------+--------+--------+-----+--------+

Top non-repeatable levels by time:
     D:6: 2490 daAuts
     D:8: 1750 daAuts
     D:7: 1521 daAuts
     D:5: 1421 daAuts
     D:4: 1349 daAuts
     D:3: 1193 daAuts
     D:1: 1163 daAuts
     D:2: 1102 daAuts
     D:9: 832 daAuts
    D:10: 153 daAuts
  Bailey: 28 daAuts

Table legend:
 A = Non-vault XP
 B = Vault XP
 C = Vault XP percentage of total XP
 D = Non-vault monster count
 E = Vault monster count
 F = Vault count percentage of total count
                 A         B        C        D         E       F
            +---------+---------+-------+---------+---------+-------
      Total |    6075 |    1859 |  23.4 |     150 |      22 |  12.8
            +---------+---------+-------+---------+---------+-------
        D:1 |      29 |       0 |   0.0 |      14 |       0 |   0.0
        D:2 |     110 |     310 |  73.8 |      22 |       3 |  12.0
        D:3 |     107 |     304 |  74.0 |      14 |       2 |  12.5
        D:4 |     515 |       0 |   0.0 |      21 |       0 |   0.0
        D:5 |    1151 |     196 |  14.6 |      15 |       1 |   6.2
        D:6 |    1225 |     260 |  17.5 |      17 |       3 |  15.0
        D:7 |    1334 |       0 |   0.0 |      19 |       0 |   0.0
        D:8 |     959 |     770 |  44.5 |      22 |       5 |  18.5
        D:9 |     645 |       0 |   0.0 |       6 |       0 |   0.0
       D:10 |       0 |       7 | 100.0 |       0 |       4 | 100.0
     Bailey |       0 |      12 | 100.0 |       0 |       4 | 100.0
            +---------+---------+-------+---------+---------+-------
